 Dungeon Crawl Stone Soup version 0.24-a0-479-g9a978d2 (webtiles) character file.

Game seed: 15268722343010881157

1621 Espgualade the Magician (level 8, 0/41 HPs)
             Began as a Tengu Ice Elementalist on July 8, 2019.
             Was a Believer of Vehumet.
             Killed from afar by an orc wizard (7 damage)
             ... with a magic dart
             ... on level 6 of the Dungeon.
             The game lasted 00:19:29 (7224 turns).

Espgualade the Magician (Tengu Ice Elementalist)    Turns: 7224, Time: 00:19:30

Health: 0/41       AC:  3    Str:  8    XL:     8   Next: 96%
Magic:  0/19       EV: 19    Int: 18    God:    Vehumet [**....]
Gold:   271        SH:  0    Dex: 15    Spells: 7/21 levels left

rFire    . . .     SeeInvis +   q - +3 dagger (venom)
rCold    . . .     Gourm    .   (no shield)
rNeg     . . .     Faith    .   a - +1 robe
rPois    .         Spirit   .   (helmet restricted)
rElec    .         Reflect  .   (no cloak)
rCorr    .         Harm     .   (no gloves)
MR       .....                  (boots unavailable)
Stlth    +++.......             d - amulet of regeneration
HPRegen  0.53/turn              c - ring of stealth (curse)
MPRegen  0.16/turn              k - ring of see invisible

@: flying quickly and evasively, quick
A: beak, talons 3, able to fly
a: Stop Flying, Renounce Religion


You were on level 6 of the Dungeon.
You worshipped Vehumet.
Vehumet was pleased with you.
You were not hungry.

You visited 1 branch of the dungeon, and saw 6 of its levels.
You also visited: Sewer.

You collected 271 gold pieces.

Inventory:

Hand Weapons
 q - a +3 dagger of venom (weapon)
Armour
 a - a +1 robe (worn)
Jewellery
 c - a cursed ring of stealth (left hand)
 d - an amulet of regeneration (around neck)
 h - an uncursed ring of magical power
 k - a ring of see invisible (right hand)
 u - an uncursed amulet of regeneration
Wands
 j - a wand of digging (4)
Scrolls
 g - 6 scrolls of teleportation
 m - 3 scrolls of magic mapping
 s - 3 scrolls of remove curse
 v - 3 scrolls of fear
Potions
 e - a potion of berserk rage
 f - a potion of haste
 i - 2 potions of brilliance
 n - 4 potions of flight
 o - 3 potions of curing
 p - 2 potions of might
 r - a potion of cancellation
 t - 2 potions of heal wounds
Comestibles
 l - 10 rations


   Skills:
 - Level 6.1 Dodging
 - Level 2.0 Stealth
 - Level 7.1 Spellcasting
 + Level 5.2 Conjurations
 - Level 5.0 Ice Magic


You had 7 spell levels left.
You knew the following spells:

 Your Spells              Type           Power        Failure   Level  Hunger
a - Freeze                Ice            ###.         1%          1    None
b - Throw Frost           Conj/Ice       ###...       1%          2    None
c - Ozocubu's Armour      Chrm/Ice       ###.....     12%         3    ##.....
d - Throw Icicle          Conj/Ice       ###.....     13%         4    ####...
e - Summon Ice Beast      Ice/Summ       ###.....     36%         4    ####...

Your spell library contained the following spells:

 Spells                   Type           Power        Failure   Level  Hunger
 Flame Tongue             Conj/Fire      ###..        3%          1    None
 Sandblast                Erth           #.....       11%         1    None
 Stone Arrow              Conj/Erth      ###...       11%         3    ##.....
 Passwall                 Tmut/Erth      #.......     16%         2    None
 Petrify                  Tmut/Erth      #.......     71%         4    ####...
 Lee's Rapid Deconstruct  Erth           #.........   96%         5    #####..


Dungeon Overview and Level Annotations

Branches:
Dungeon (6/15)
 Temple: D:4-7

Altars:
Cheibriados
Dithmenos
Gozag
Nemelex Xobeh
Qazlal
Ru
Vehumet
Zin


Innate Abilities, Weirdness & Mutations

You have a beak for a mouth.
You have claws for feet.
You can fly continuously.


Message History

Confirm with . or Enter, or press ? or * to list all spells.
Aiming: Freeze (safe; 1% risk of failure)
Press: ? - help, Shift-Dir - straight line, f/p - orc
Aim: an orc, wielding a +0 mace (severely wounded)
You freeze the orc!
You kill the orc!
Vehumet accepts your kill.
The orc wizard gestures at you while chanting.
The magic dart hits you!
* * * LOW HITPOINT WARNING * * *
Casting: Freeze (safe; 1% risk of failure)
Confirm with . or Enter, or press ? or * to list all spells.
Aiming: Freeze (safe; 1% risk of failure)
Press: ? - help, Shift-Dir - straight line, f - orc wizard
Aim: an orc wizard, wielding a +0 dagger and wearing a +0 robe (severely wounded, slightly transparent)
You freeze the orc wizard.
The orc wizard is almost dead.
The orc wizard gestures at you while chanting.
The magic dart hits you!
You die...

#.............#
#..........
#.............#
#..........
#.............#
#..........
#.............#
#..........
######........#
######.####
#......##########.####
#..)...# #.....≈≈..≈≈.
#).....###+###.≈≈≈≈≈≈≈
#....@........≈≈♣♣♣≈.≈
###..o)........≈♣ ≈≈≈
#.).....>...)≈♣ ≈.≈
#............≈≈≈≈≈.≈
#............≈≈≈≈.≈.
####[..†.....≈≈≈;≈≈
#........≈≈♣♣♣≈≈
#........≈≈♣ ≈≈
#.(.......≈♣


You could see an orc wizard (invisible).

Vanquished Creatures
  Pikel (D:5)
  A sky beast (D:5)
  2 slaves (D:5)
  An orc warrior (D:6)
  3 bullfrogs
  A scorpion (D:6)
  2 crimson imps (D:6)
  2 hounds (D:4)
  2 orc priests (D:6)
  A centaur skeleton (D:5)
  4 orc wizards
  A bullfrog skeleton (D:5)
  Terence (D:3)
  2 worker ants
  7 adders
  3 gnolls (D:6)
  10 river rats
  3 worms
  2 dart slugs
  6 leopard geckos
  16 orcs
  15 ball pythons
  11 bats
  7 giant cockroaches
  11 goblins
  6 hobgoblins
  6 jackals
  2 quokkas
  12 frilled lizards
  10 kobolds
  24 rats
175 creatures vanquished.

Notes
Turn   | Place    | Note
-------+----------+-------------------------------------------
     0 | D:1      | Espgualade the Tengu Ice Elementalist began the quest for
                  | the Orb.
     0 | D:1      | Reached XP level 1. HP: 10/10 MP: 4/4
   596 | D:1      | Reached XP level 2. HP: 15/15 MP: 6/6
  1519 | D:2      | Reached XP level 3. HP: 6/19 MP: 3/7
  1746 | D:2      | Learned a level 2 spell: Throw Frost
  1750 | D:2      | Learned a level 3 spell: Ozocubu's Armour
  2282 | D:2      | Reached XP level 4. HP: 23/24 MP: 8/8
  2455 | D:2      | Found a stormy altar of Qazlal.
  2455 | D:2      | Found a shadowy altar of Dithmenos.
  2701 | D:3      | Noticed Terence
  2713 | D:3      | Killed Terence
  2713 | D:3      | Reached skill level 5 in Ice Magic
  2713 | D:3      | Gained mutation: You can fly continuously. [Tengu growth]
  2713 | D:3      | Reached XP level 5. HP: 19/28 MP: 0/9
  3661 | D:4      | Got a steaming mace
  3662 | D:4      | Identified the cursed +1 mace of Valiance {antimagic, rElec
                  | rF+} (You found it on level 4 of the Dungeon)
  4284 | D:4      | Found a sacrificial altar of Ru.
  4304 | D:4      | Reached XP level 6. HP: 19/32 MP: 3/10
  4722 | D:4      | Found a sparkling altar of Nemelex Xobeh.
  4790 | D:5      | Entered Level 5 of the Dungeon
  4858 | D:5      | Reached skill level 5 in Dodging
  5048 | D:5      | Found an opulent altar of Gozag.
  5049 | D:5      | Found a glowing silver altar of Zin.
  5049 | D:5      | Found a snail-covered altar of Cheibriados.
  5114 | D:5      | Found a radiant altar of Vehumet.
  5123 | D:5      | Became a worshipper of Vehumet
  5163 | D:5      | Found a radiant altar of Vehumet.
  5238 | D:5      | Found a glowing drain.
  5242 | Sewer    | Entered a sewer
  5352 | Sewer    | Reached XP level 7. HP: 36/36 MP: 7/11
  5669 | Sewer    | Reached * piety under Vehumet
  5669 | Sewer    | Offered knowledge of Sting by Vehumet.
  5740 | Sewer    | Reached skill level 3 in Spellcasting
  5920 | Sewer    | Reached skill level 4 in Spellcasting
  6385 | D:5      | Noticed Pikel
  6449 | D:5      | Killed Pikel
  6449 | D:5      | Reached skill level 6 in Spellcasting
  6449 | D:5      | Reached XP level 8. HP: 11/41 MP: 14/18
  6735 | D:6      | Learned a level 4 spell: Throw Icicle
  6740 | D:6      | Learned a level 4 spell: Summon Ice Beast
  6798 | D:6      | Reached skill level 7 in Spellcasting
  7026 | D:6      | Reached ** piety under Vehumet
  7026 | D:6      | Offered knowledge of Flame Tongue by Vehumet.
  7194 | D:6      | Reached skill level 5 in Conjurations
  7224 | D:6      | Killed from afar by an orc wizard

Levels and vault maps discovered:
D:1:      sevenhm_arrival_forest_fort_large_2, layout_basic
D:2:      layout_loops_ring, gammafunk_temple_overflow_statue, first_ration
D:3:      layout_rooms, kennysheep_generic_room_3, uniq_terence
D:4:      layout_loops_ring, overflow_temple_1_default,
          hangedman_abyss_or_decor_slice, nicolae_ru_great_annihilating_truth
D:5:      layout_basic, overflow_temple_1_default,
          chequers_temple_overflow_statue_of_worship, basic_altar,
          gup_sewer_entry_bowl, nrook_uturn, uniq_pikel
D:6:      layout_basic, temple_statues, serial_shops, shop, kennysheep_boxes,
          uniq_menkaure

Skill      XL: |  1  2  3  4  5  6  7  8 |
---------------+-------------------------+-----
Ice Magic      | 3 4 5 |  5.0
Dodging        | 4 6 |  6.1
Spellcasting   | 6 7 |  7.1
Conjurations   | 5 |  5.2
Stealth        | |  2.0

Action                   |  1- 3 |  4- 6 |  7- 9 || total
-------------------------+-------+-------+-------++-------
Melee: Dagger            |    32 |   145 |   132 ||   309
       Kick              |     5 |    21 |    21 ||    47
       Unarmed           |     2 |       |       ||     2
       Peck              |     2 |    29 |    19 ||    50
       Mace              |       |     6 |       ||     6
 Cast: Freeze            |    44 |    43 |    44 ||   131
       Throw Frost       |       |     2 |    20 ||    22
       Ozocubu's Armour  |       |     1 |     2 ||     3
       Summon Ice Beast  |       |       |     1 ||     1
 Abil: Fly               |       |     1 |       ||     1
  Use: Scroll            |     4 |     7 |     9 ||    20
       Potion            |       |     1 |     5 ||     6
 Stab: Sleeping          |     5 |     8 |     1 ||    14
  Eat: Ration            |     1 |       |     1 ||     2
       Chunk             |     1 |    11 |     3 ||    15
Armor: Robe              |    10 |    24 |    17 ||    51
Dodge: Dodged            |    32 |   128 |   155 ||   315

Table legend:
 A = Non-vault XP
 B = Vault XP
 C = Vault XP percentage of total XP
 D = Non-vault monster count
 E = Vault monster count
 F = Vault count percentage of total count
                 A         B        C        D         E       F
            +---------+---------+-------+---------+---------+-------
      Total |    1155 |    1162 |  50.2 |     113 |      60 |  34.7
            +---------+---------+-------+---------+---------+-------
        D:1 |      27 |       0 |   0.0 |      16 |       0 |   0.0
        D:2 |      63 |       0 |   0.0 |      29 |       0 |   0.0
        D:3 |      58 |      38 |  39.6 |      18 |       3 |  14.3
        D:4 |     190 |      44 |  18.8 |      18 |       4 |  18.2
        D:5 |     256 |     718 |  73.7 |      13 |       5 |  27.8
        D:6 |     561 |       0 |   0.0 |      19 |       0 |   0.0
      Sewer |       0 |     362 | 100.0 |       0 |      48 | 100.0
            +---------+---------+-------+---------+---------+-------
